 Dungeon Crawl Stone Soup version bcrawl-1.39.1 (webtiles) character file.

Game seed: 5392289234917639452

301381 lastchild the Carver (level 10, 0/73 HPs)
             Began as a Vampire Skald on Sept 17, 2023.
             Killed by angry trees
             ... awakened by a dryad
              (9 damage)
             ... on level 8 of the Dungeon.
             The game lasted 00:37:04 (8519 turns).

lastchild the Carver (Vampire Skald)                Turns: 8519, Time: 00:37:04

Health: 0/73       AC:  7    Str: 15    XL:     10   Next: 32%
Magic:  4/15       EV: 11    Int: 15    God:
Gold:   481        SH:  6    Dex: 14    Spells: 4/18 levels left

rFire    . . .     GDR:     30% x - +8 plutonium sword {irradiate, +Channel *Contam MR+ Stlth-}
rCold    + + .     SeeInvis +   (shield currently unavailable)
rNeg     + + .     Gourm    .   b - +0 leather armour
rPois    ∞         Faith    .   m - +1 helmet
rElec    .         Spirit   .   A - +0 cloak
rCorr    .         Reflect  .   (no gloves)
MR       ++...     Clarity  +   (no boots)
Stlth    ++........             d - amulet of magic regeneration
HPRegen  0.11/turn              n - ring of wizardry
MPRegen  0.36/turn              g - ring of protection from cold

@: bloodless, regenerating slowly, held
A: claws 1, fangs 3, large bone plates 1, see invisible, blink, clarity, low mp
1, unbreathing
a: Blink


You were on level 8 of the Dungeon.
You were bloodless.

You visited 2 branches of the dungeon, and saw 9 of its levels.

You collected 481 gold pieces.

Inventory:

Hand Weapons
 a - a +0 long sword
 x - the +8 plutonium sword (weapon) {irradiate, +Channel *Contam MR+ Stlth-}
   (You found it on level 5 of the Dungeon)

   It affects your resistance to hostile enchantments.
   It causes magical contamination when unequipped.
   It makes you less stealthy.
Missiles
 h - 191 poisoned tomahawks (quivered)
Armour
 b - a +0 leather armour (worn)
 m - a +1 helmet (worn)
 A - a +0 cloak (worn)
Jewellery
 d - an amulet of magic regeneration (around neck)
 g - a ring of protection from cold (right claw)
 l - an uncursed ring of flight
 n - a ring of wizardry (left claw)
 r - the ring "Fodu Gobbo" {+Fly MP+9}
   (You found it on level 4 of the Dungeon)

   [ring of flight]

   It affects your magic capacity (+9).
   It lets you fly.
 y - an uncursed ring of protection from cold
Wands
 C - a wand of iceblast (10)
 J - a wand of paralysis (10)
Scrolls
 e - 2 scrolls of fear
 f - 3 scrolls of blinking
 i - 6 scrolls of identify
 j - 4 scrolls of teleportation
 s - 2 scrolls of revelation
 t - a scroll of noise
 u - 2 scrolls of immolation
 v - a scroll of fog
 w - a scroll of amnesia
 B - 2 scrolls of enchant weapon {unknown}
 D - a scroll of vulnerability {unknown}
 E - 3 scrolls of remove curse
 I - a scroll of enchant armour
Potions
 c - a potion of might
 k - 2 potions of agility
 o - 2 potions of lignification {unknown}
 p - 6 potions of curing
 q - 26 potions of blood
 z - a potion of degeneration {unknown}
 F - 2 potions of brilliance {unknown}
 G - a potion of haste
 H - a potion of cancellation {unknown}


   Skills:
 + Level 4.7 Fighting
 - Level 8.5 Long Blades
 + Level 3.8 Throwing
 + Level 4.5 Armour
 + Level 5.7 Dodging
 + Level 4.7 Spellcasting
 - Level 8.1 Charms
 + Level 4.6 Ice Magic


You had 4 spell levels left.
You knew the following spells:

 Your Spells              Type           Power        Failure   Level  Hunger
a - Infusion              Chrm           ####....     1%          1    None
b - Song of Slaying       Chrm           ####....     1%          2    None
c - Ozocubu's Armour      Chrm/Ice       ###.....     1%          3    ###....
d - Spectral Weapon       Hex/Chrm       ###.....     4%          3    ###....
e - Swiftness             Chrm/Air       ###.....     2%          2    None
f - Regeneration          Chrm/Necr      ###.......   4%          3    ###....

Your spell library contained the following spells:

 Spells                   Type           Power        Failure   Level  Hunger
 Freeze                   Ice            ###...       1%          1    None
 Throw Frost              Conj/Ice       ##....       3%          2    None
 Apportation              Tloc           #.....       9%          1    None
 Corona                   Hex            #......      9%          1    None
 Sandblast                Erth           #.....       9%          1    None
 Slow                     Hex            #.......     9%          1    None
 Summon Butterflies       Summ           #.......     9%          1    None
 Passwall                 Tmut/Erth      #.......     12%         2    None
 Stone Arrow              Conj/Erth      #.....       24%         3    ###....
 Ice Form                 Ice/Tmut       ##......     32%         4    #####..
 Summon Ice Beast         Ice/Summ       ##......     32%         4    #####..
 Throw Icicle             Conj/Ice       ##......     32%         4    #####..
 Petrify                  Tmut/Erth      #.........   58%         4    #####..
 Lee's Rapid Deconstruct  Erth           #.........   89%         5    ######.


Dungeon Overview and Level Annotations

Branches:
Dungeon (8/12)             Temple (1/1) D:4            Lair (0/6) D:8
    Orc: D:8-11

Altars:
Ashenzari
Cheibriados
Dithmenos
Gozag
Hepliaklqana
Kikubaaqudgha
Lugonu
Makhleb
Nemelex Xobeh
Okawaru
Qazlal
Ru
Sif Muna
Trog
Uskayaw
Vehumet
Wu Jian
Xom
Yredelemnul

Annotations:
D:5 2 runed translucent doors, kosoiffoigrumme1174's ghost, novice VSCK
D:8 exclusion: statue


Innate Abilities, Weirdness & Mutations

You heal slowly.
You are immune to poison.
You have sharp fingernails.
You have razor-sharp teeth.
You have supernaturally acute eyesight. (SInv)
You can survive without breathing.
You are partially covered in large bone plates. (SH +4)
You can translocate small distances at will.
You possess an exceptional clarity of mind.
Your magical capacity is low. (-10% MP)


Message History

You block the rat's attack.
The bat hits the plant.
The snaplasher vine loses its grip on you.
The vine drags you backwards! The snaplasher vine grabs you.
The snaplasher vine misses you. The snaplasher vine constricts you.
The snaplasher vine's grasp on you weakens, but your attempt to escape fails.
You are no longer magically infusing your attacks.
The bat hits the plant but does no damage. x2
The rat closely misses you.
The snaplasher vine loses its grip on you.
The vine drags you backwards! The snaplasher vine grabs you.
The snaplasher vine hits you!
* * * LOW HITPOINT WARNING * * *
The snaplasher vine constricts you.
The bat hits the plant but does no damage.
Attempting to read a scroll while constricted might waste it - continue anyway?
Okay, then.
Unknown command.
The snaplasher vine's grasp on you weakens, but your attempt to escape fails.
A tree reaches out and hits you!
You die...

#...........#
#...........# #
#...........# #
###...........# #
............)###########
.........[........))....
.......................)
....$...................
......♣@.♣♣♣............
......wPr≈♣♣♣...........
.......bP≈8R♣...........
....##.P.≈♣♣♣...........
.... #..... ♣#######+###
### ###..## #.## #.# #+


You could see a moss-covered statue, a dryad, a snaplasher vine, a bat and a
rat.

Vanquished Creatures
  An elephant (D:8)
  The ghost of fifreuwaquouxo3460 the Ruffian, a novice TrCj (D:4)
  3 hippogriffs
  Sigmund (D:2)
  A spriggan (D:7)
  A wraith (D:8)
  2 hungry ghosts
  A steam dragon (D:7)
  A water moccasin (D:4)
  Duvessa (D:6)
  A black bear (D:7)
  2 orc warriors
  3 ice beasts
  2 sky beasts
  5 ogres
  A phantom (D:4)
  2 bullfrogs
  A kobold brigand (D:7)
  Dowan (D:6)
  A centaur (D:6)
  A scorpion (D:5)
  A wight (D:5)
  A howler monkey (D:5)
  A bullfrog zombie (D:7)
  4 orc priests
  2 crimson imps
  5 hounds
  4 jellies
  Crazy Yiuf (D:5)
  A gnoll shaman (D:5)
  A bullfrog skeleton (D:7)
  5 worker ants
  3 orc wizards (D:6)
  A killer bee zombie (D:5)
  A hound zombie (D:6)
  A hound skeleton (D:6)
  A worker ant zombie (D:6)
  2 howler monkey skeletons (D:5)
  3 gnolls (D:5)
  6 adders
  2 oozes
  2 adder skeletons
  3 dart slugs
  4 worms
  7 leopard geckos
  27 orcs
  3 giant cockroaches (D:2)
  2 goblins
  8 hobgoblins
  7 jackals
  16 kobolds
  4 quokkas
  5 ball pythons
  6 bats
  2 frilled lizards (D:1)
  2 jackal skeletons
  4 rats
181 creatures vanquished.

Vanquished Creatures (others)
  A plant (D:6)
1 creature vanquished.

Grand Total: 182 creatures vanquished

Notes
Turn   | Place    | Note
-------+----------+-------------------------------------------
     0 | D:1      | lastchild the Vampire Skald began the quest for the Orb.
     0 | D:1      | Reached XP level 1. HP: 16/16 MP: 3/3
   171 | D:1      | Reached XP level 2. HP: 22/22 MP: 5/5
   623 | D:1      | Gained mutation: You possess an exceptional clarity of
                  | mind. [potion of mutation]
   623 | D:1      | Gained mutation: You are partially covered in large bone
                  | plates. (SH +4) [potion of mutation]
   623 | D:1      | Gained mutation: Your magical capacity is low. (-10% MP)
                  | [potion of mutation]
   623 | D:1      | Gained mutation: You can translocate small distances at
                  | will. [potion of mutation]
   819 | D:1      | Reached XP level 3. HP: 27/27 MP: 5/5
  1193 | D:2      | Learned a level 2 spell: Song of Slaying
  1197 | D:2      | Learned a level 3 spell: Ozocubu's Armour
  1343 | D:2      | Noticed Sigmund
  1564 | D:2      | Reached XP level 4. HP: 28/33 MP: 3/6
  1933 | D:3      | Reached skill level 5 in Charms
  1942 | D:3      | Reached XP level 5. HP: 38/38 MP: 1/7
  2152 | D:3      | Reached skill level 5 in Long Blades
  2209 | D:3      | Found a blossoming altar of Fedhas.
  2856 | D:4      | Found a transporter.
  2859 | D:4      | Noticed fifreuwaquouxo3460's ghost (novice TrCj)
  2894 | D:4      | Found a staircase to the Ecumenical Temple.
  2916 | D:4      | Noticed a sky beast
  2936 | D:4      | Killed a sky beast
  2937 | D:4      | Reached XP level 6. HP: 10/44 MP: 3/8
  3304 | D:4      | Found a transporter.
  4062 | D:4      | Got an ancient granite ring
  4119 | D:5      | Entered Level 5 of the Dungeon
  4165 | D:5      | Reached XP level 7. HP: 49/49 MP: 5/9
  4281 | D:5      | Found a white marble altar of Elyvilon.
  4286 | D:5      | Found a large runed translucent door.
  4287 | D:5      | Found a large runed translucent door.
  4448 | D:5      | Reached XP level 8. HP: 30/55 MP: 6/9
  4602 | D:5      | Noticed kosoiffoigrumme1174's ghost (novice VSCK)
  4722 | D:5      | Found a runed door.
  4895 | Temple   | Entered the Ecumenical Temple
  5375 | Temple   | Identified the ring "Fodu Gobbo" {+Fly MP+9} (You found it
                  | on level 4 of the Dungeon)
  5481 | D:4      | Reached skill level 1 in Armour
  5611 | D:5      | Reached skill level 1 in Ice Magic
  5777 | D:5      | Found the +8 plutonium sword {irradiate, +Channel *Contam
                  | MR+ Stlth-}
  5798 | D:5      | Reached skill level 1 in Throwing
  6057 | D:4      | Killed fifreuwaquouxo3460's ghost
  6127 | D:2      | Killed Sigmund
  6128 | D:2      | Reached XP level 9. HP: 62/63 MP: 12/12
  6304 | D:5      | Noticed Crazy Yiuf
  6308 | D:5      | Killed Crazy Yiuf
  6497 | D:6      | Noticed Dowan
  6500 | D:6      | Noticed Duvessa
  6522 | D:6      | Killed Duvessa
  6526 | D:6      | Killed Dowan
  6648 | D:6      | Learned a level 3 spell: Spectral Weapon
  6651 | D:6      | Learned a level 2 spell: Swiftness
  6655 | D:6      | Learned a level 3 spell: Regeneration
  6746 | D:6      | Found a white marble altar of Elyvilon.
  6746 | D:6      | Found a shimmering blue altar of Sif Muna.
  6794 | D:6      | Found a sacrificial altar of Ru.
  7383 | D:7      | Reached skill level 5 in Dodging
  7767 | D:7      | Reached XP level 10. HP: 53/72 MP: 4/14
  8486 | D:8      | Noticed an elephant
  8493 | D:8      | Killed an elephant
  8499 | D:8      | Found a staircase to the Lair.
  8519 | D:8      | Killed from afar by a dryad

Skill      XL: |  1  2  3  4  5  6  7  8  9 |
---------------+----------------------------+-----
Long Blades    | 3 4 5 6 8 |  8.5
Charms         | 4 5 6 7 8 |  8.1
Fighting       | 3 4 |  4.7
Armour         | 2 4 |  4.5
Ice Magic      | 2 4 |  4.6
Throwing       | 1 3 |  3.8
Dodging        | 3 5 |  5.7
Spellcasting   | 3 4 |  4.7

Action                   |  1- 3 |  4- 6 |  7- 9 | 10-12 || total
-------------------------+-------+-------+-------+-------++-------
Melee: Long sword        |   125 |   153 |   107 |       ||   385
       Bite              |     9 |    14 |    17 |     2 ||    42
       Triple sword      |       |       |    79 |    26 ||   105
Throw: Tomahawk          |       |       |    10 |    13 ||    23
 Cast: Infusion          |    15 |    20 |    34 |     6 ||    75
       Song of Slaying   |       |     5 |     8 |     1 ||    14
  Use: Scroll            |     6 |     3 |     6 |       ||    15
       Potion            |     5 |     8 |    12 |     1 ||    26
 Stab: Sleeping          |     9 |     4 |     5 |     2 ||    20
  Eat: Corpse            |       |       |     1 |       ||     1
Armor: Leather armour    |    28 |    26 |    40 |     6 ||   100
Dodge: Dodged            |    62 |    70 |    83 |    24 ||   239
Block: Other             |    15 |    53 |    62 |    20 ||   150
